 Dungeon Crawl Stone Soup version 0.29.1-debian-1-gc3f1650bb9 (webtiles) character file.

Game seed: 12132520625052892623

2683 ytrimaz the Fighter (level 9, -9/78 HPs)
             Began as a Demonspawn Gladiator on Sept 12, 2022.
             Was an Elder of Okawaru.
             Killed from afar by an acid dragon (28 damage)
             ... with a splash of acid
             ... on level 7 of the Dungeon.
             The game lasted 00:08:26 (7587 turns).

ytrimaz the Fighter (Demonspawn Gladiator)          Turns: 7587, Time: 00:08:26

Health: -9/78      AC: 12    Str: 19    XL:     9   Next: 37%
Magic:  7/9        EV: 14    Int:  9    God:    Okawaru [****..]
Gold:   373        SH:  0    Dex: 15    Spells: 8/8 levels left

rFire   . . .      SeeInvis .   r - +1 hand axe (elec)
rCold   . . .      Faith    .   (no shield)
rNeg    . . .      Spirit   .   z - +0 chain mail
rPois   .          Reflect  .   c - +0 helmet
rElec   .          Harm     .   (no cloak)
rCorr   .          Rampage  .   j - +0 pair of gloves
Will    .....                   (no boots)
Stlth   ..........              (no amulet)
HPRegen 0.23/turn               (no ring)
MPRegen 0.11/turn               (no ring)

@: heroic, corroded, studying Armour
A: claws 1, repulsion field 2, ignite blood 1, powered by death 1
a: Renounce Religion, Heroism, Finesse


You were on level 7 of the Dungeon.
You worshipped Okawaru.
Okawaru was greatly pleased with you.
You visited 1 branch of the dungeon, and saw 9 of its levels.
You also visited: Ossuary.

You collected 373 gold pieces.


Innate Abilities, Weirdness & Mutations

You have sharp fingernails.
You are surrounded by a moderate repulsion field. (EV +3)
Your demonic aura sometimes causes spilled blood to erupt in flames.
You regenerate a little health from kills.


   Skills:
 - Level 10.0(15.0) Fighting
 - Level 3.5(8.5) Axes
 - Level 1.7(6.7) Throwing
 + Level 9.5(14.5) Armour
 - Level 2.6(7.6) Dodging
 + Level 2.6(7.6) Unarmed Combat


You had 8 spell levels left.
You didn't know any spells.
Your spell library contained the following spells:

 Spells                   Type           Power      Damage    Failure   Level
 Apportation              Tloc           0%         N/A       94%         1
 Necrotise                Necr           0%         1d4       94%         1
 Slow                     Hex            0%         N/A       94%         1
 Blink                    Tloc           0%         N/A       98%         2
 Ensorcelled Hibernation  Hex/Ice        0%         N/A       98%         2
 Passwall                 Tmut/Erth      0%         N/A       98%         2
 Confusing Touch          Hex            0%         N/A       100%        3
 Swiftness                Air            0%         N/A       100%        3
 Vampiric Draining        Necr           0%         2d6       100%        3
 Manifold Assault         Tloc           0%         N/A       100%        4
 Alistair's Intoxication  Tmut/Pois      0%         N/A       100%        5
 Borgnjor's Vile Clutch   Necr/Erth      0%         N/A       100%        5
 Storm Form               Tmut/Air       0%         N/A       100%        7
 Summon Small Mammal      Summ           Unusable   N/A       N/A         1
 Animate Dead             Necr           Unusable   N/A       N/A         4
 Death Channel            Necr           Unusable   N/A       N/A         6

Inventory:

Hand Weapons
 b - a +0 war axe of draining
 r - a +1 hand axe of electrocution (weapon)
   (You found it on level 5 of the Dungeon)
Missiles
 d - 3 throwing nets
 e - a javelin
 g - 42 poisoned darts (quivered)
 n - 5 boomerangs of dispersal
Armour
 a - a +0 plate armour
   (You found it on level 8 of the Dungeon)
 c - a +0 helmet (worn)
 j - a +0 pair of gloves (worn)
   (You found it on level 1 of the Dungeon)
 z - a +0 chain mail (worn)
   (You found it on level 5 of the Dungeon)
Wands
 q - a wand of iceblast (11)
   (You found it on level 4 of the Dungeon)
Scrolls
 h - a scroll of identify
 k - 3 scrolls of immolation
 t - a scroll of blinking
 v - 2 scrolls of fear
 y - 4 scrolls of teleportation
Potions
 f - 5 potions of attraction
 i - a potion of invisibility
 l - a potion of might {unknown}
 m - 2 potions of curing
 o - 3 potions of haste
 s - a potion of cancellation {unknown}
 u - 5 potions of heal wounds
 w - 3 potions of lignification {unknown}
 x - 2 potions of flight {unknown}

Dungeon Overview and Level Annotations

Branches:
Dungeon (9/15) Zot: 25791  Temple (0/1) D:4         Ossuary (visited)
   Lair: D:8-11         Orc: D:9-12

Altars:
Ashenzari
Makhleb
Okawaru
Ru
Xom

Shops:
D:6

(* #......>..####.
##.......## ## ##.....##
# ##...## ##+##
######.### #........##
#:#######.........#
#.....D@..........#
#########..#......######
#..##..#........
#..##.....######
#.........# ##.####.#.#
#........# ##########


You could see an acid dragon (catching breath).


Message History

a +0 hand axe; an orc corpse
Things that are here:
a +0 club; a boomerang; an orc corpse
There is an open door here.
g - 39 poisoned darts (gained 7)
Items here: ( )) †.
Things that are here:
a +0 short sword; a curare-tipped dart; a kobold corpse
g - 42 poisoned darts (gained 3)
Items here: ( ))) ††.
There is an open door here.
There is a shaft here.
Key pressed, stopping explore.
There is a shaft here.
Key pressed, stopping explore.
v - 2 scrolls of fear (gained 1)
There is a stone staircase leading up here.
Key pressed, stopping explore.
There is an open door here.
There is an open door here.
There is an open door here.
Items here: ( ))) ††.
Key pressed, stopping explore.
There is an open door here.
Key pressed, stopping explore.
Key pressed, stopping explore.
Key pressed, stopping explore.
Key pressed, stopping explore.
An acid dragon comes into view.
The acid dragon roars!
An acid dragon is nearby!
An acid dragon is nearby!
An acid dragon is nearby!
An acid dragon is nearby!
An acid dragon is nearby!
An acid dragon is nearby!
An acid dragon is nearby!
The acid dragon spits acid at you. The splash of acid hits you! 😕 HP[-8]
You take 8 damage, and now have 70/78 hp.
The acid dragon spits acid at you. The splash of acid hits you.
The acid corrodes you! 😕 HP[-4]
You take 4 damage, and now have 66/78 hp.
The acid dragon closely misses you. The acid dragon claws you. 😕 HP[-3]
You take 3 damage, and now have 63/78 hp.
You hit the acid dragon but do no damage.
The acid dragon closely misses you. The acid dragon barely misses you.
The acid dragon bites you but does no damage.
The acid dragon claws you. 😕 HP[-2]
You take 2 damage, and now have 61/78 hp.
Unknown command.
You hit the acid dragon but do no damage.
The acid dragon spits acid at you. The splash of acid misses you.
You closely miss the acid dragon.
You punch the acid dragon, but do no damage.
The acid dragon closely misses you.
The acid dragon claws you but does no damage.
You hit the acid dragon but do no damage.
The acid dragon bites you but does no damage.
The acid dragon claws you. 😮 HP[-3]
You take 3 damage, and now have 58/78 hp.
You hit the acid dragon. The acid dragon completely misses you.
The acid dragon closely misses you.
You are too injured to fight recklessly!
Unknown command.
You hit the acid dragon but do no damage.
The acid dragon closely misses you. x2
You hit the acid dragon but do no damage.
The acid dragon bites you. The acid dragon barely misses you.
The acid dragon spits acid at you. The splash of acid hits you!!
* * * LOW HITPOINT WARNING * * *
😨 HP[-28]
You take 28 damage, and now have 30/78 hp.
MASSIVE DAMAGE!! (PAUSE)
You gain the combat prowess of a mighty hero.
The acid dragon bites you!
* * * LOW HITPOINT WARNING * * *
The acid dragon claws you but does no damage. 😨 HP[-6] MP[-2]
You take 6 damage, and now have 24/78 hp.
You lost 2 mp, and now have 7/9 mp.
Unknown command.
You closely miss the acid dragon.
You hit the acid dragon but do no damage.
The acid dragon bites you.
* * * LOW HITPOINT WARNING * * *
The acid dragon closely misses you. 😱 HP[-5]
You take 5 damage, and now have 19/78 hp.
You barely miss the acid dragon. The acid dragon spits acid at you.
The splash of acid hits you!!
You die...

Skill      XL: |  1  2  3  4  5  6  7  8  9 |
---------------+----------------------------+-----
Axes           | 3 |  3.5
Fighting       | 3 4 5 6 7 10 | 10.0
Armour         | 1 2 4 6 8 9 |  9.5
Unarmed Combat | 2 |  2.6
Throwing       | |  1.7
Dodging        | |  2.6

Action                   |  1- 3 |  4- 6 |  7- 9 || total
-------------------------+-------+-------+-------++-------
Melee: War axe           |   122 |   253 |    16 ||   391
       Punch             |     2 |     9 |     3 ||    14
       Hand axe          |       |       |   181 ||   181
Throw: Dart              |       |     5 |     7 ||    12
       Throwing net      |       |     1 |       ||     1
Invok: Heroism           |       |     5 |     4 ||     9
  Use: Scroll            |     6 |     8 |     3 ||    17
       Potion            |       |     1 |     3 ||     4
 Stab: Sleeping          |       |     1 |     1 ||     2
       Held in net/web   |       |     1 |       ||     1
       Invisible         |       |       |     2 ||     2
Armor: Leather armour    |    41 |    76 |    11 ||   128
       Chain mail        |       |       |    98 ||    98
Dodge: Dodged            |   133 |   164 |   161 ||   458

Levels and vault maps discovered:
D:1:      lightli_iron_boxes, layout_basic
D:2:      layout_rooms, basic_altar
D:3:      layout_loops_cross, nicolae_ru_sacrificial_ziggurat,
          okawaru_ov_weapons_minmay, basic_ecumenical_altar
D:4:      layout_rooms, minmay_temple_entry_trees, enter_ossuary_2
D:5:      layout_rooms, chequers_serial_rivers_micro_c, grunt_ministairs_13
D:6:      layout_cave_pools, zin_purify, grunt_temple_overflow_open,
          serial_shops, nicolae_shop_bloodbath_and_beyond,
          kennysheep_generic_room_3
D:7:      layout_loops_corners, uniq_joseph, uniq_prince_ribbit1
D:8:      layout_basic, uniq_erica, uniq_maurice
D:9:      layout_grid_maze, hex_medium, minmay_misc_feat_encased, nicolae_wwwww,
          uniq_gastronok, uniq_grum

Notes
Turn   | Place    | Note
-------+----------+-------------------------------------------
     0 | D:1      | ytrimaz the Demonspawn Gladiator began the quest for the
                  | Orb.
     0 | D:1      | Reached XP level 1. HP: 16/16 MP: 1/1
     0 | D:1      | magus.rc [v1.9.6]
   250 | D:1      | Gained mutation: You are surrounded by a mild repulsion
                  | field. (EV +2) [demonic ancestry]
   250 | D:1      | Reached XP level 2. HP: 23/23 MP: 2/2
   522 | D:1      | You pick up a book of Debilitation and begin reading...
   522 | D:1      | You add the spells Slow, Vampiric Draining and Confusing
                  | Touch to your library.
   580 | D:1      | You pick up a book of Unlife and begin reading...
   580 | D:1      | You add the spells Animate Dead, Borgnjor's Vile Clutch and
                  | Death Channel to your library.
   737 | D:1      | Reached skill level 3 in Axes
  1074 | D:2      | Reached skill level 3 in Fighting
  1146 | D:2      | Reached XP level 3. HP: 29/29 MP: 3/3
  1175 | D:2      | You pick up a book of Party Tricks and begin reading...
  1175 | D:2      | You add the spells Apportation and Alistair's Intoxication
                  | to your library.
  1323 | D:2      | You add the spells Blink, Manifold Assault and Storm Form
                  | to your library.
  1511 | D:2      | Found a shimmering altar of Xom.
  1879 | D:3      | Found a sacrificial altar of Ru.
  2262 | D:3      | Gained mutation: You regenerate a little health from kills.
                  | [demonic ancestry]
  2262 | D:3      | Reached XP level 4. HP: 37/37 MP: 4/4
  2318 | D:3      | Found a faded altar of an unknown god.
  2342 | D:3      | Found an iron altar of Okawaru.
  2379 | D:3      | Became a worshipper of Warmaster Okawaru
  2626 | D:3      | Reached skill level 4 in Fighting
  2805 | D:4      | Noticed an ogre
  2814 | D:4      | Killed an ogre
  2815 | D:4      | Reached skill level 1 in Armour
  2815 | D:4      | Reached XP level 5. HP: 43/43 MP: 5/5
  2915 | D:4      | Reached * piety under Okawaru
  2916 | D:4      | Reached skill level 2 in Armour
  2934 | D:4      | Reached skill level 5 in Fighting
  2934 | D:4      | Found a staircase to the Ecumenical Temple.
  2946 | D:4      | You pick up a book of Burglary and begin reading...
  2946 | D:4      | You add the spells Passwall, Ensorcelled Hibernation and
                  | Swiftness to your library.
  3094 | D:4      | Found a sand-covered staircase.
  3099 | Ossuary  | Entered an ossuary
  3236 | Ossuary  | Gained mutation: You have sharp fingernails. [demonic
                  | ancestry]
  3236 | Ossuary  | Reached XP level 6. HP: 38/51 MP: 6/6
  3421 | Ossuary  | Reached skill level 3 in Armour
  4392 | D:4      | You pick up a book of Cantrips and begin reading...
  4450 | D:4      | Reached skill level 6 in Fighting
  4603 | D:5      | Entered Level 5 of the Dungeon
  4614 | D:5      | Reached skill level 4 in Armour
  4633 | D:5      | Gained mutation: You are surrounded by a moderate repulsion
                  | field. (EV +3) [demonic ancestry]
  4633 | D:5      | Reached XP level 7. HP: 59/59 MP: 7/7
  4969 | D:5      | Reached skill level 7 in Fighting
  4969 | D:5      | Reached skill level 5 in Armour
  5523 | D:6      | Reached ** piety under Okawaru
  5556 | D:6      | Found Zin's Purification Station.
  5696 | D:6      | Reached skill level 6 in Armour
  5696 | D:6      | Reached XP level 8. HP: 68/68 MP: 8/8
  5732 | D:6      | Reached skill level 8 in Fighting
  5939 | D:6      | Found Ipemosmi's Weapon Emporium.
  6006 | D:6      | Found a broken altar of Ashenzari.
  6013 | D:6      | Found a burning altar of Makhleb.
  6353 | D:7      | You fall into a shaft and drop 2 floors!
  6399 | D:8      | Noticed Maurice
  6419 | D:8      | Killed Maurice
  6420 | D:8      | Reached skill level 7 in Armour
  6429 | D:8      | Reached skill level 9 in Fighting
  6793 | D:7      | Reached *** piety under Okawaru
  6925 | D:7      | Noticed Joseph
  6950 | D:7      | Killed Joseph
  6951 | D:7      | Reached skill level 10 in Fighting
  6951 | D:7      | Reached skill level 8 in Armour
  6951 | D:7      | Gained mutation: Your demonic aura sometimes causes spilled
                  | blood to erupt in flames. [demonic ancestry]
  6951 | D:7      | Reached XP level 9. HP: 45/78 MP: 7/9
  7157 | D:7      | Noticed Prince Ribbit
  7167 | D:7      | Killed Prince Ribbit
  7168 | D:7      | Reached skill level 9 in Armour
  7168 | D:7      | Reached skill level 1 in Unarmed Combat
  7279 | D:7      | Reached skill level 2 in Unarmed Combat
  7306 | D:7      | Reached **** piety under Okawaru
  7586 | D:7      | HP: 19/78 [acid dragon (5)]
  7587 | D:7      | Killed from afar by an acid dragon

Vanquished Creatures
  Maurice (D:8)
  Joseph (D:7)
  Prince Ribbit (D:7)
  2 steam dragons
  A water moccasin (D:5)
  An orc warrior (D:7)
  2 ogres
  A centaur (D:7)
  A phantom (D:7)
  2 bullfrogs
  3 kobold brigands (D:7)
  3 scorpions
  A howler monkey (D:6)
  A jelly (D:5)
  3 hounds (D:5)
  An iguana (D:4)
  3 orc wizards
  13 mummies (Ossuary)
  6 adders
  A shadow imp (D:6)
  3 white imps
  3 ufetubi
  A worm (D:3)
  3 dart slugs
  19 orcs
  14 ball pythons
  7 endoplasms
  7 giant cockroaches
  4 goblins
  3 hobgoblins
  2 jackals (D:2)
  3 quokkas
  3 bats
  2 frilled lizards
  5 gnoll skeletons (Ossuary)
  A goblin skeleton (Ossuary)
  19 kobolds
  A kobold skeleton (Ossuary)
  An orc skeleton (Ossuary)
  5 rats
  11 rat skeletons (Ossuary)
165 creatures vanquished.

Vanquished Creatures (collateral kills)
  A kobold (D:1)
1 creature vanquished.

Vanquished Creatures (others)
  A sky beast (D:7)
1 creature vanquished.

Grand Total: 167 creatures vanquished

Table legend:
 A = Non-vault XP
 B = Vault XP
 C = Vault XP percentage of total XP
 D = Non-vault monster count
 E = Vault monster count
 F = Vault count percentage of total count
                 A         B        C        D         E       F
            +---------+---------+-------+---------+---------+-------
      Total |    2301 |    1533 |  40.0 |     129 |      38 |  22.8
            +---------+---------+-------+---------+---------+-------
        D:1 |      31 |       0 |   0.0 |      18 |       0 |   0.0
        D:2 |      44 |       0 |   0.0 |      18 |       0 |   0.0
        D:3 |      59 |       0 |   0.0 |      24 |       0 |   0.0
        D:4 |     245 |       0 |   0.0 |      18 |       0 |   0.0
        D:5 |     462 |      96 |  17.2 |      10 |       2 |  16.7
        D:6 |     298 |     183 |  38.0 |       8 |       1 |  11.1
        D:7 |     958 |     734 |  43.4 |      31 |       2 |   6.1
        D:8 |     204 |     266 |  56.6 |       2 |       1 |  33.3
    Ossuary |       0 |     254 | 100.0 |       0 |      32 | 100.0
            +---------+---------+-------+---------+---------+-------

Illustrated notes

Table legend:
 A = Kills in this place as a percentage of kills in entire the game.
 B = Kills by you in this place as a percentage of kills by you in the entire game.
 C = Kills by friends in this place as a percentage of kills by friends in the entire game.
 D = Other kills in this place as a percentage of other kills in the entire game.
 E = Experience gained in this place as a percentage of experience gained in the entire game.
 F = Experience gained in this place divided by the number of levels of this place that you have seen.
                   A       B       C       D       E      F
               +-------+-------+-------+-------+-------+----------------------
         Total | 100.0 | 100.0 | 100.0 | 100.0 | 100.0 | 383.4
       Dungeon |  80.8 |  80.6 | 100.0 | 100.0 |  93.4 | 397.8
       Ossuary |  19.2 |  19.4 |   0.0 |   0.0 |   6.6 | 254.0
               +-------+-------+-------+-------+-------+----------------------

Table legend: (Time is in decaauts)
 A = Elapsed time spent in this place.
 B = Non-inter-level travel time spent in this place.
 C = Inter-level travel time spent in this place.
 D = Time resting spent in this place.
 E = Time spent auto-exploring this place.
 F = Levels seen in this place.
 G = Mean time per level.
                   A        B        C        D        E       F      G
               +--------+--------+--------+--------+--------+-----+--------+
         Total |   7734 |   7534 |    200 |    201 |   5665 |  10 |  773.4 |
       Dungeon |   6516 |   6316 |    200 |    148 |   4813 |   9 |  724.0 |
       Ossuary |   1218 |   1218 |      0 |     53 |    852 |   1 | 1218.0 |
               +--------+--------+--------+--------+--------+-----+--------+

Top non-repeatable levels by time:
 Ossuary: 1218 daAuts
     D:1: 1080 daAuts
     D:7: 1033 daAuts
     D:3: 991 daAuts
     D:5: 869 daAuts
     D:6: 782 daAuts
     D:2: 780 daAuts
     D:4: 655 daAuts
     D:8: 287 daAuts
     D:9: 35 daAuts
